 Dungeon Crawl Stone Soup version 0.27.0-1-g7a089689b8 (webtiles) character file.

Game seed: 16669578479083194233

336 freelancePsychic the Chucker (level 6, -1/57 HPs)
             Began as a Minotaur Hunter on Aug 14, 2021.
             Slain by an orc wizard (3 damage)
             ... on level 3 of the Dungeon.
             The game lasted 00:06:42 (3041 turns).

freelancePsychic the Chucker (Minotaur Hunter)      Turns: 3041, Time: 00:06:43

Health: -1/57      AC:  3    Str: 17 (18) XL:     6   Next: 28%
Magic:  5/5        EV: 11    Int:  8      God:
Gold:   100        SH:  0    Dex: 11      Spells: 5/5 levels left

rFire    . . .     SeeInvis .   g - +0 trident
rCold    + . .     Faith    .   (no shield)
rNeg     . . .     Spirit   .   b - +0 leather armour
rPois    .         Reflect  .   (helmet restricted)
rElec    .         Harm     .   (no cloak)
rCorr    .         Rampage  .   (no gloves)
Will     .....                  (no boots)
Stlth    ++........             (no amulet)
HPRegen  0.19/turn              (no ring)
MPRegen  0.09/turn              (no ring)

@: no status effects
A: horns 2, retaliatory headbutt, camouflage 1, cold resistance 1, deterioration
1, sense surroundings 1
a: no special abilities


You were on level 3 of the Dungeon.
You visited 1 branch of the dungeon, and saw 3 of its levels.

You collected 100 gold pieces.

Inventory:

Hand Weapons
 a - a +0 short sword
 g - a +0 trident (weapon)
 h - a +0 hunting sling
Missiles
 c - 10 javelins
 d - a throwing net (quivered)
 e - 52 stones
Armour
 b - a +0 leather armour (worn)
 j - a +0 ring mail
Scrolls
 f - a scroll of noise
 i - a scroll of immolation
 k - a scroll of silence


   Skills:
 + Level 5.9 Fighting
 - Level 0.6 Polearms
 + Level 6.0 Throwing
 - Level 2.1 Dodging
 - Level 0.7 Stealth


You had 5 spell levels left.
You didn't know any spells.
Your spell library was empty.

Dungeon Overview and Level Annotations

Branches:
Dungeon (3/15)

Altars:

Annotations:
D:1 Natasha


Innate Abilities, Weirdness & Mutations

You have a pair of horns on your head.
You reflexively headbutt those who attack you in melee.
Your skin changes colour to match your surroundings (Stealth+).
Your flesh is cold resistant. (rC+)
Your body sometimes deteriorates upon taking damage.
You passively map a small area around you.


Message History

Press: ? - help, Q - select action, (/) - cycle Shift-Dir - straight line You shoot a stone.
Something hits you.
You see here an adder corpse.
g - a +0 trident (weapon)
You completely miss something.
You hear some strange, mumbled words.
You are confused.
Something hits you.
You closely miss something. Your headbutt misses something.
You hear some strange, mumbled words.
A magic dart appears from out of thin air!
The magic dart hits you!
Your body deteriorates!
You feel weakened.
You completely miss something. Something hits you.
You bump into the rock wall.
Something hits you.
A magic dart appears from out of thin air!
The magic dart hits you.
You bump into the rock wall.
You miss something. Your headbutt misses something.
You feel less confused.
You hear some strange, mumbled words.
A puff of flame appears from out of thin air!
The puff of flame hits you!
* * * LOW HITPOINT WARNING * * *
You closely miss something. Your headbutt misses something. Something hits you.
* * * LOW HITPOINT WARNING * * *
Something hits you.
* * * LOW HITPOINT WARNING * * *
You aren't carrying any potions.
You miss something.
An orc wizard appears from thin air!
Reactivating autopickup.
The orc wizard mumbles some strange words.
The orc wizard flickers and vanishes!
Deactivating autopickup; reactivate with Ctrl-A.
Throw: 2 throwing nets
Press: ? - help, Q - select action, (/) - cycle Shift-Dir - straight line You throw a throwing net.
Something hits you.
You die...

,,,
,#.............*
#.#..# , ,
,#.............*
#.#...
#.............*
#.#..# ...
#.............
#.#..# ....
#.........####
####.#..# ,
.....#(........#
#....#..#
....(...........#
#.#######
...#(......###.##
#.##..... ,
#..(.().†{@..#**
#....#### , ,
##.(.###.###...#
###### *
#...##...# ,..# ,
.....#.....# ,.#
, ...S..#.....# ,
# , o...#.#.....#
, r...* ##...## ,
* ##.## , , ,
,...


There were no monsters in sight!

Vanquished Creatures
  Sigmund (D:2)
  An iguana (D:2)
  Natasha (twice) (D:2 D:1)
  3 adders
  2 dart slugs
  8 orcs (D:3)
  4 bats
  13 endoplasms
  2 giant cockroaches
  5 goblins
  2 hobgoblins (D:1)
  2 jackals (D:1)
  8 kobolds
  5 quokkas
  4 ball pythons
  3 frilled lizards
  5 rats
70 creatures vanquished.

Notes
Turn   | Place    | Note
-------+----------+-------------------------------------------
     0 | D:1      | freelancePsychic the Minotaur Hunter began the quest for
                  | the Orb.
     0 | D:1      | Reached XP level 1. HP: 18/18 MP: 0/0
   379 | D:1      | Reached XP level 2. HP: 15/26 MP: 1/1
   882 | D:1      | Reached XP level 3. HP: 31/31 MP: 2/2
  1668 | D:2      | Reached XP level 4. HP: 40/40 MP: 3/3
  1715 | D:2      | Noticed Sigmund
  1821 | D:2      | Noticed Natasha
  1831 | D:2      | Killed Natasha
  1877 | D:2      | Reached skill level 5 in Throwing
  2154 | D:2      | Noticed Natasha
  2349 | D:1      | Killed Natasha
  2350 | D:1      | Reached XP level 5. HP: 22/47 MP: 4/4
  2463 | D:1      | Noticed Natasha
  2585 | D:2      | Gained mutation: Your body sometimes deteriorates upon
                  | taking damage. [potion of mutation]
  2585 | D:2      | Gained mutation: You passively map a small area around you.
                  | [potion of mutation]
  2585 | D:2      | Gained mutation: Your flesh is cold resistant. (rC+)
                  | [potion of mutation]
  2585 | D:2      | Gained mutation: Your skin changes colour to match your
                  | surroundings (Stealth+). [potion of mutation]
  2590 | D:2      | Killed Sigmund
  2591 | D:2      | Reached skill level 5 in Fighting
  2591 | D:2      | Reached XP level 6. HP: 40/57 MP: 5/5
  2999 | D:3      | Reached skill level 6 in Throwing
  3039 | D:3      | HP: 2/57 [something (4)]
  3041 | D:3      | Slain by an orc wizard

Illustrated notes

Levels and vault maps discovered:
D:1:      dpeg_arrival_water_temple_mockup, layout_basic
D:2:      minmay_alternating_diamond, layout_loops_cross, uniq_natasha,
          uniq_sigmund
D:3:      layout_basic, mainiacjoe_overflow_alcove_1, gup_sewer_entry_bowl,
          minmay_misc_feat_enclosed, saegor_snake_ambush

Skill      XL: |  1  2  3  4  5  6 |
---------------+-------------------+-----
Fighting       | 3 4 5 |  5.9
Throwing       | 5 6 |  6.0
Polearms       | |  0.6
Dodging        | |  2.1
Stealth        | |  0.7

Action                   |  1- 3 |  4- 6 || total
-------------------------+-------+-------++-------
Melee: Short sword       |    13 |       ||    13
       Headbutt          |     3 |       ||     3
       Trident           |     2 |     6 ||     8
       Hunting sling     |       |     2 ||     2
 Fire: Hunting sling     |   106 |    91 ||   197
Throw: Stone             |    10 |       ||    10
       Javelin           |     4 |    19 ||    23
       Throwing net      |       |     3 ||     3
  Use: Scroll            |     2 |     1 ||     3
       Potion            |       |     2 ||     2
Armor: Leather armour    |    16 |     8 ||    24
       Skin              |       |     3 ||     3
Dodge: Dodged            |    31 |    23 ||    54
